[ AOE2 MATCH · #463024888 ]
UnrankedKhmer vs Bohemians
Player's team · LOSS
[ REPLAY ANALYSIS · EXTRACTED FROM THE RECORDED GAME ]
Feudal
10:24
Castle
25:06
Imperial
—
| APM avg | 30.1 |
| APM peak | 96 |
| eAPM avg | 14.6 |
| Villagers / military | 131 / 163 |
Focus
⚔️ 37.5% · 🌾 62.5%
Scout Cavalry ×160 · Ballista Elephant ×3
Feudal
11:14
Castle
17:19
Imperial
29:55
| APM avg | 19.5 |
| APM peak | 52 |
| eAPM avg | 14.5 |
| Villagers / military | 84 / 288 |
Focus
⚔️ 37.2% · 🌾 62.8%
Hand Cannoneer ×189 · Monk ×99
Feudal
11:34
Castle
27:34
Imperial
50:08
| APM avg | 17.0 |
| APM peak | 51 |
| eAPM avg | 11.5 |
| Villagers / military | 69 / 102 |
Focus
⚔️ 24.6% · 🌾 75.4%
Ratha (Ranged) ×92 · Battle Elephant ×10
Match map
Resources at game start + every placement click. Thick line = wall · dashed box = detected house wall. 🟡 gold · ⚪ stone · 🟢 berries · 🔶 boar · ⭕ relic
Inputs per minute
— Infey - - Pepschelle
Build order — Infey
First 150 of 503 actions detected
| 0:01 | Create | Villager (Male) |
| 0:01 | Create | Villager (Male) |
| 0:02 | Build | House |
| 0:04 | Build | House |
| 0:38 | Create | Villager (Male) |
| 0:38 | Create | Villager (Male) |
| 1:21 | Build | Lumber Camp |
| 1:50 | Create | Villager (Male) |
| 2:20 | Create | Villager (Male) |
| 2:42 | Create | Villager (Male) |
| 3:17 | Create | Villager (Male) |
| 3:38 | Create | Villager (Male) |
| 3:52 | Build | House |
| 3:54 | Create | Villager (Male) |
| 3:54 | Create | Villager (Male) |
| 4:19 | Create | Villager (Male) |
| 4:37 | Build | Mill |
| 4:46 | Create | Villager (Male) |
| 5:31 | Create | Villager (Male) |
| 5:32 | Create | Villager (Male) |
| 5:49 | Create | Villager (Male) |
| 6:22 | Create | Villager (Male) |
| 6:53 | Create | Villager (Male) |
| 6:54 | Create | Villager (Male) |
| 6:55 | Create | Villager (Male) |
| 7:27 | Research | Loom |
| 8:14 | Research | Feudal Age |
| 9:34 | Build | Mining Camp |
| 9:41 | Build | House |
| 9:42 | Build | House |
| 10:24 | Age | Feudal Age |
| 10:25 | Research | Wheelbarrow |
| 10:40 | Research | Horse Collar |
| 10:50 | Research | Double-Bit Axe |
| 11:20 | Research | Wheelbarrow |
| 11:33 | Build | Stone Wall |
| 11:37 | Build | Stone Wall |
| 11:43 | Research | Double-Bit Axe |
| 11:43 | Research | Horse Collar |
| 11:46 | Research | Wheelbarrow |
| 12:11 | Research | Double-Bit Axe |
| 12:17 | Build | Farm |
| 12:19 | Build | Farm |
| 12:39 | Build | Stone Wall |
| 12:54 | Build | Farm |
| 12:56 | Build | Farm |
| 12:59 | Build | Farm |
| 13:39 | Build | Stone Wall |
| 13:41 | Create | Villager (Male) |
| 13:49 | Build | Farm |
| 13:51 | Build | Farm |
| 14:03 | Build | Mining Camp |
| 14:10 | Research | Double-Bit Axe |
| 14:12 | Research | Horse Collar |
| 14:28 | Create | Villager (Male) |
| 14:33 | Research | Double-Bit Axe |
| 14:57 | Create | Villager (Male) |
| 14:58 | Build | Farm |
| 15:01 | Build | Farm |
| 15:03 | Build | Farm |
| 15:12 | Create | Villager (Male) |
| 15:26 | Build | Farm |
| 15:29 | Build | Farm |
| 15:34 | Create | Villager (Male) |
| 15:49 | Build | Farm |
| 15:57 | Create | Villager (Male) |
| 16:06 | Build | Stone Wall |
| 16:14 | Build | Farm |
| 16:27 | Research | Double-Bit Axe |
| 16:30 | Research | Gold Mining |
| 16:50 | Build | Farm |
| 17:05 | Research | Double-Bit Axe |
| 17:20 | Build | Stone Wall |
| 17:22 | Create | Villager (Male) |
| 17:22 | Create | Villager (Male) |
| 17:27 | Research | Double-Bit Axe |
| 17:29 | Research | Horse Collar |
| 17:46 | Create | Villager (Male) |
| 17:49 | Build | Farm |
| 18:13 | Create | Villager (Male) |
| 18:15 | Build | Farm |
| 18:19 | Research | Double-Bit Axe |
| 18:22 | Research | Horse Collar |
| 18:31 | Research | Gold Mining |
| 18:39 | Create | Villager (Male) |
| 18:42 | Build | Farm |
| 18:52 | Build | Stone Wall |
| 18:55 | Build | Stone Wall |
| 19:01 | Build | House |
| 19:05 | Create | Villager (Male) |
| 19:08 | Build | Farm |
| 19:11 | Research | Double-Bit Axe |
| 19:12 | Research | Horse Collar |
| 19:26 | Research | Gold Mining |
| 19:31 | Create | Villager (Male) |
| 19:38 | Build | Farm |
| 20:08 | Build | Farm |
| 20:21 | Create | Villager (Male) |
| 20:28 | Build | House |
| 20:32 | Create | Villager (Male) |
| 20:37 | Research | Gold Mining |
| 20:38 | Research | Gold Mining |
| 20:43 | Research | Wheelbarrow |
| 20:49 | Build | Farm |
| 21:24 | Build | Blacksmith |
| 21:38 | Build | Market |
| 21:49 | Research | Town Watch |
| 22:04 | Research | Castle Age |
| 22:34 | Create | Villager (Male) |
| 22:40 | Research | Horse Collar |
| 22:42 | Research | Gold Mining |
| 22:44 | Research | Gold Mining |
| 22:46 | Research | Double-Bit Axe |
| 23:12 | Research | Double-Bit Axe |
| 23:14 | Research | Gold Mining |
| 23:16 | Research | Horse Collar |
| 23:33 | Research | Double-Bit Axe |
| 23:38 | Research | Gold Mining |
| 24:28 | Build | Stable |
| 24:31 | Build | Stable |
| 24:43 | Research | Gold Mining |
| 24:43 | Research | Double-Bit Axe |
| 24:44 | Research | Horse Collar |
| 25:02 | Research | Wheelbarrow |
| 25:06 | Age | Castle Age |
| 25:14 | Build | Lumber Camp |
| 25:54 | Research | Husbandry |
| 25:55 | Research | Husbandry |
| 26:05 | Research | Wheelbarrow |
| 26:09 | Research | Horse Collar |
| 26:12 | Research | Double-Bit Axe |
| 26:13 | Research | Double-Bit Axe |
| 26:15 | Research | Gold Mining |
| 26:43 | Research | Husbandry |
| 26:45 | Research | Husbandry |
| 27:04 | Build | Castle |
| 27:11 | Build | University |
| 27:18 | Research | Double-Bit Axe |
| 27:20 | Research | Horse Collar |
| 27:26 | Research | Husbandry |
| 27:54 | Research | Wheelbarrow |
| 28:14 | Research | Husbandry |
| 28:20 | Create | Villager (Male) |
| 28:27 | Build | Farm |
| 28:29 | Build | Farm |
| 28:31 | Build | Farm |
| 28:48 | Build | Farm |
| 28:49 | Build | Farm |
| 28:50 | Build | Farm |
| 28:51 | Build | Farm |
Build order — Pepschelle
First 150 of 580 actions detected
| 0:03 | Build | House |
| 0:05 | Build | House |
| 0:09 | Create | Villager (Male) |
| 0:10 | Create | Villager (Male) |
| 0:10 | Create | Villager (Male) |
| 0:10 | Create | Villager (Male) |
| 0:10 | Create | Villager (Male) |
| 1:40 | Create | Villager (Male) |
| 2:09 | Create | Villager (Male) |
| 2:22 | Build | Lumber Camp |
| 2:29 | Create | Villager (Male) |
| 3:04 | Create | Villager (Male) |
| 3:22 | Create | Villager (Male) |
| 3:37 | Build | House |
| 3:53 | Create | Villager (Male) |
| 5:00 | Create | Villager (Male) |
| 5:00 | Create | Villager (Male) |
| 5:49 | Create | Villager (Male) |
| 6:13 | Create | Villager (Male) |
| 6:13 | Create | Villager (Male) |
| 6:15 | Create | Villager (Male) |
| 6:17 | Create | Villager (Male) |
| 6:47 | Build | Mill |
| 6:52 | Research | Loom |
| 6:53 | Research | Loom |
| 6:53 | Create | Villager (Male) |
| 7:31 | Build | House |
| 7:51 | Create | Villager (Male) |
| 8:16 | Create | Villager (Male) |
| 9:04 | Research | Feudal Age |
| 9:45 | Create | Villager (Male) |
| 9:46 | Create | Villager (Male) |
| 9:53 | Build | Barracks |
| 11:00 | Build | Mining Camp |
| 11:14 | Age | Feudal Age |
| 11:15 | Research | Wheelbarrow |
| 11:17 | Research | Double-Bit Axe |
| 11:30 | Research | Wheelbarrow |
| 11:33 | Research | Double-Bit Axe |
| 11:37 | Research | Gold Mining |
| 11:40 | Research | Gold Mining |
| 11:42 | Research | Gold Mining |
| 11:43 | Research | Gold Mining |
| 11:45 | Research | Gold Mining |
| 11:46 | Research | Gold Mining |
| 11:46 | Research | Gold Mining |
| 11:47 | Research | Gold Mining |
| 11:48 | Research | Gold Mining |
| 11:49 | Research | Gold Mining |
| 11:49 | Research | Gold Mining |
| 11:50 | Research | Gold Mining |
| 11:52 | Research | Gold Mining |
| 11:53 | Research | Gold Mining |
| 11:53 | Research | Gold Mining |
| 11:54 | Research | Gold Mining |
| 11:54 | Research | Gold Mining |
| 11:54 | Research | Gold Mining |
| 11:54 | Research | Gold Mining |
| 11:54 | Research | Gold Mining |
| 11:55 | Research | Gold Mining |
| 11:55 | Research | Gold Mining |
| 12:05 | Build | Mining Camp |
| 12:16 | Research | Double-Bit Axe |
| 12:20 | Research | Wheelbarrow |
| 12:40 | Create | Villager (Male) |
| 12:40 | Create | Villager (Male) |
| 12:40 | Create | Villager (Male) |
| 12:59 | Research | Stone Mining |
| 12:59 | Research | Stone Mining |
| 12:59 | Research | Stone Mining |
| 12:59 | Research | Stone Mining |
| 12:59 | Research | Stone Mining |
| 13:00 | Research | Stone Mining |
| 13:00 | Research | Stone Mining |
| 13:00 | Research | Stone Mining |
| 13:00 | Research | Stone Mining |
| 13:01 | Research | Stone Mining |
| 13:01 | Research | Stone Mining |
| 13:01 | Research | Stone Mining |
| 13:24 | Build | Blacksmith |
| 13:29 | Build | Market |
| 13:36 | Build | House |
| 13:37 | Build | House |
| 13:47 | Research | Double-Bit Axe |
| 14:16 | Research | Double-Bit Axe |
| 14:39 | Research | Castle Age |
| 15:20 | Research | Stone Mining |
| 15:21 | Research | Stone Mining |
| 15:21 | Research | Stone Mining |
| 15:21 | Research | Stone Mining |
| 15:21 | Research | Stone Mining |
| 15:22 | Research | Stone Mining |
| 15:22 | Research | Stone Mining |
| 15:22 | Research | Stone Mining |
| 15:22 | Research | Stone Mining |
| 15:23 | Research | Stone Mining |
| 15:23 | Research | Stone Mining |
| 15:23 | Research | Stone Mining |
| 15:23 | Research | Stone Mining |
| 15:24 | Research | Stone Mining |
| 15:24 | Research | Stone Mining |
| 15:24 | Research | Stone Mining |
| 15:28 | Research | Gold Mining |
| 15:28 | Research | Gold Mining |
| 15:28 | Research | Gold Mining |
| 15:29 | Research | Gold Mining |
| 15:29 | Research | Gold Mining |
| 15:29 | Research | Gold Mining |
| 15:37 | Build | Mining Camp |
| 15:42 | Build | Mining Camp |
| 15:52 | Build | Farm |
| 15:53 | Build | Farm |
| 15:53 | Build | Farm |
| 15:53 | Build | Farm |
| 15:54 | Build | Farm |
| 15:54 | Build | Farm |
| 15:54 | Build | Farm |
| 15:58 | Build | Farm |
| 16:01 | Research | Horse Collar |
| 16:14 | Build | Mining Camp |
| 16:27 | Research | Stone Mining |
| 16:27 | Research | Stone Mining |
| 16:27 | Research | Stone Mining |
| 16:27 | Research | Stone Mining |
| 16:28 | Research | Stone Mining |
| 16:28 | Research | Gold Mining |
| 16:29 | Research | Gold Mining |
| 16:29 | Research | Gold Mining |
| 16:29 | Research | Gold Mining |
| 16:29 | Research | Gold Mining |
| 16:30 | Research | Gold Mining |
| 16:30 | Research | Gold Mining |
| 16:30 | Research | Gold Mining |
| 16:30 | Research | Gold Mining |
| 16:31 | Research | Gold Mining |
| 16:31 | Research | Gold Mining |
| 16:31 | Research | Gold Mining |
| 16:32 | Research | Gold Mining |
| 16:32 | Research | Gold Mining |
| 16:32 | Research | Gold Mining |
| 16:32 | Research | Gold Mining |
| 16:53 | Research | Double-Bit Axe |
| 16:56 | Research | Double-Bit Axe |
| 17:19 | Age | Castle Age |
| 17:27 | Build | Monastery |
| 17:31 | Build | Monastery |
| 17:48 | Create | Villager (Male) |
| 17:49 | Create | Villager (Male) |
| 17:49 | Create | Villager (Male) |
| 18:26 | Research | Atonement |
Build order — Peacemaker
First 150 of 406 actions detected
| 0:04 | Build | House |
| 0:06 | Build | House |
| 0:15 | Create | Villager (Male) ×4 |
| 0:15 | Create | Villager (Male) ×4 |
| 2:16 | Build | Lumber Camp |
| 2:19 | Create | Villager (Male) |
| 2:59 | Create | Villager (Male) |
| 3:00 | Create | Villager (Male) |
| 4:13 | Create | Villager (Male) |
| 4:13 | Create | Villager (Male) |
| 4:50 | Build | Mill |
| 5:13 | Create | Villager (Male) |
| 5:13 | Create | Villager (Male) |
| 5:14 | Create | Villager (Male) |
| 6:22 | Create | Villager (Male) |
| 6:22 | Create | Villager (Male) |
| 6:32 | Build | House |
| 6:38 | Create | Villager (Male) |
| 6:54 | Research | Loom |
| 6:54 | Research | Loom |
| 7:31 | Create | Villager (Male) |
| 7:31 | Create | Villager (Male) |
| 7:31 | Create | Villager (Male) |
| 7:31 | Create | Villager (Male) |
| 7:32 | Create | Villager (Male) |
| 9:18 | Research | Feudal Age |
| 9:28 | Build | Barracks |
| 10:09 | Build | House |
| 11:33 | Build | Mining Camp |
| 11:34 | Age | Feudal Age |
| 11:37 | Research | Double-Bit Axe |
| 11:51 | Build | Farm |
| 11:54 | Build | Farm |
| 11:56 | Build | Farm |
| 11:59 | Build | Farm |
| 12:01 | Create | Villager (Male) |
| 12:48 | Build | Farm |
| 12:52 | Create | Villager (Male) |
| 12:56 | Build | Farm |
| 13:35 | Build | Mining Camp |
| 13:47 | Research | Double-Bit Axe |
| 13:54 | Build | House |
| 13:55 | Build | House |
| 14:41 | Build | Blacksmith |
| 14:45 | Build | Market |
| 15:02 | Research | Stone Mining |
| 15:06 | Create | Villager (Male) |
| 15:41 | Build | Farm |
| 15:45 | Research | Horse Collar |
| 15:57 | Build | Farm |
| 16:03 | Build | Farm |
| 16:23 | Build | Farm |
| 16:27 | Create | Villager (Male) |
| 16:27 | Create | Villager (Male) |
| 17:17 | Research | Double-Bit Axe |
| 17:25 | Research | Gold Mining |
| 17:26 | Research | Gold Mining |
| 17:31 | Research | Gold Mining |
| 17:43 | Create | Villager (Male) |
| 18:18 | Build | Mining Camp |
| 18:23 | Research | Gold Mining |
| 18:27 | Build | Farm |
| 18:31 | Create | Villager (Male) |
| 18:55 | Research | Loom |
| 18:56 | Research | Loom |
| 19:06 | Build | Mill |
| 19:19 | Research | Gold Mining |
| 19:39 | Create | Villager (Male) |
| 19:39 | Create | Villager (Male) |
| 19:45 | Build | Farm |
| 19:51 | Create | Villager (Male) |
| 19:52 | Create | Villager (Male) |
| 20:14 | Build | Farm |
| 20:23 | Research | Gold Mining |
| 20:41 | Build | Farm |
| 20:43 | Create | Villager (Male) |
| 20:44 | Create | Villager (Male) |
| 20:56 | Build | Lumber Camp |
| 21:03 | Research | Gold Mining |
| 21:12 | Build | House |
| 21:14 | Build | House |
| 21:20 | Build | House |
| 21:27 | Build | Farm |
| 21:33 | Build | Farm |
| 21:48 | Research | Double-Bit Axe |
| 22:03 | Build | Farm |
| 22:15 | Build | Farm |
| 22:24 | Research | Wheelbarrow |
| 22:26 | Research | Wheelbarrow |
| 22:34 | Build | Farm |
| 22:39 | Research | Gold Mining |
| 22:42 | Research | Double-Bit Axe |
| 22:52 | Research | Loom |
| 22:52 | Research | Loom |
| 22:54 | Research | Loom |
| 22:57 | Research | Gold Mining |
| 23:34 | Research | Gold Mining |
| 23:37 | Research | Horse Collar |
| 23:58 | Research | Gold Mining |
| 24:02 | Research | Double-Bit Axe |
| 24:42 | Research | Castle Age |
| 26:34 | Build | Stone Wall |
| 26:41 | Build | Stone Wall |
| 26:51 | Build | Stone Wall |
| 27:09 | Build | Building 673 |
| 27:21 | Build | Building 665 |
| 27:34 | Age | Castle Age |
| 28:59 | Build | Town Center |
| 29:07 | Build | University |
| 29:24 | Build | Castle |
| 29:35 | Build | Farm |
| 30:01 | Research | Masonry |
| 30:01 | Research | Masonry |
| 30:01 | Research | Masonry |
| 30:02 | Research | Masonry |
| 30:02 | Research | Masonry |
| 30:43 | Create | Villager (Male) |
| 30:43 | Create | Villager (Male) |
| 30:43 | Create | Villager (Male) |
| 30:44 | Create | Villager (Male) |
| 30:44 | Create | Villager (Male) |
| 30:44 | Create | Villager (Male) |
| 30:44 | Create | Villager (Male) |
| 30:47 | Research | Wheelbarrow |
| 30:47 | Research | Wheelbarrow |
| 30:47 | Research | Wheelbarrow |
| 31:06 | Build | Farm |
| 31:09 | Build | Farm |
| 31:12 | Build | Farm |
| 31:22 | Build | Mill |
| 31:49 | Build | Farm |
| 31:53 | Build | Farm |
| 31:57 | Build | Farm |
| 32:02 | Build | Farm |
| 32:19 | Create | Villager (Male) |
| 32:19 | Create | Villager (Male) |
| 32:19 | Create | Villager (Male) |
| 32:47 | Build | Stable |
| 32:49 | Build | Stable |
| 32:50 | Build | Stable |
| 32:52 | Build | Stable |
| 33:03 | Create | Villager (Male) |
| 33:03 | Create | Villager (Male) |
| 33:06 | Research | Wheelbarrow |
| 33:06 | Research | Wheelbarrow |
| 33:22 | Research | Horse Collar |
| 33:22 | Research | Horse Collar |
| 33:22 | Research | Horse Collar |
| 33:23 | Research | Horse Collar |
| 33:23 | Research | Horse Collar |
Match timeline
| 9:28 | Peacemaker · first_building Barracks |
| 9:53 | Pepschelle · first_building Barracks |
| 10:24 | Infey · age_up feudal |
| 11:14 | Pepschelle · age_up feudal |
| 11:33 | Infey · wall_segment Stone Wall x10 |
| 11:34 | Peacemaker · age_up feudal |
| 11:37 | Infey · wall_segment Stone Wall x4 |
| 12:39 | Infey · wall_segment Stone Wall x1 |
| 13:39 | Infey · wall_segment Stone Wall x13 |
| 14:30 | Pepschelle · first_market_buy 100 food |
| 14:36 | Pepschelle · first_market_sell 100 stone |
| 16:06 | Infey · wall_segment Stone Wall x6 |
| 17:19 | Pepschelle · age_up castle |
| 17:20 | Infey · wall_segment Stone Wall x13 |
| 17:27 | Pepschelle · first_building Monastery |
| 18:52 | Infey · wall_segment Stone Wall x8 |
| 18:55 | Infey · wall_segment Stone Wall x14 |
| 22:00 | Peacemaker · first_market_buy 100 wood |
| 23:25 | Pepschelle · first_building Castle |
| 24:28 | Infey · first_building Stable |
| 25:06 | Infey · age_up castle |
| 26:34 | Peacemaker · wall_segment Stone Wall x40 |
| 26:41 | Peacemaker · wall_segment Stone Wall x24 |
| 26:51 | Peacemaker · wall_segment Stone Wall x26 |
| 26:52 | Infey · first_market_buy 100 stone |
| 27:04 | Infey · first_building Castle |
| 27:34 | Peacemaker · age_up castle |
| 27:59 | Pepschelle · first_building Archery Range |
| 29:24 | Peacemaker · first_building Castle |
| 29:55 | Pepschelle · age_up imperial |
| 32:47 | Peacemaker · first_building Stable |
| 36:40 | Infey · first_market_sell 500 wood |
| 37:11 | Peacemaker · first_building Monastery |
| 38:32 | Peacemaker · first_market_sell 500 wood |
| 41:30 | Infey · wall_segment Stone Wall x5 |
| 41:49 | Infey · wall_segment Stone Wall x5 |
| 45:22 | Peacemaker · wall_segment Stone Wall x1 |
| 49:57 | Peacemaker · first_building Archery Range |
| 50:08 | Peacemaker · age_up imperial |
| 57:37 | Infey · wall_segment Stone Wall x1 |
[ AI ANALYSIS · 1 CREDIT ]
What really happened in this match?
Wolo.gg analyzes every decision: build order, eco, micro, common mistakes by bracket. Personalized analysis on WhatsApp or Discord in 30 seconds.
Civ guide
Khmer
Map guide
MegaRandomX256 (Custom)
Perfil
Infey